 Dungeon Crawl Stone Soup version 0.31-a0-835-g2a3a5bc3be (webtiles) character file.

Game seed: 9376432429480530760

2097 leobarbo the Conjurer (level 9, 0/75 HPs)
             Began as a Red Draconian Conjurer on Sept 26, 2023.
             Was an Initiate of Vehumet.
             Engulfed by a blizzard demon's freezing vapour (15 damage)
             ... created by the fury of Makhleb
             ... on level 6 of the Dungeon.
             The game lasted 00:49:16 (6731 turns).

leobarbo the Conjurer (Red Draconian Conjurer)      Turns: 6731, Time: 00:49:17

Health: 0/75       AC:  8    Str: 21    XL:     9   Next: 7%
Magic:  4/16       EV: 13    Int: 32    God:    Vehumet [......]
Gold:   369        SH:  0    Dex: 10    Spells: 9/18 levels left

rFire   + . .        b - +7 dagger of the Powerful God {protect, Str+5 Int+4 Stlth+}
rCold   . . .        (no shield)
rNeg    . . .        (body armour unavailable)
rPois   .            (helmet restricted)
rElec   .            (no cloak)
rCorr   .            (no gloves)
SInv    .            o - +0 pair of boots
Will    .....        (no amulet)
Stlth   +++          c - +6 ring of strength
HPRegen 0.32/turn    r - +6 ring of intelligence
MPRegen 0.15/turn

%: no passive effects
@: short of breath
A: breathe fire, AC +7, unfitting armour, fire resistance 1, cold-blooded
a: Breathe Fire, Renounce Religion


You were on level 6 of the Dungeon.
You worshipped Vehumet.
Vehumet was noncommittal.
You visited 2 branches of the dungeon, and saw 7 of its levels.
You also visited: Ossuary.

You collected 369 gold pieces.

Inventory:

Hand Weapons
 b - the +7 dagger of the Powerful God (weapon) {protect, Str+5 Int+4 Stlth+}
   (You found it on level 2 of the Dungeon)

   Str+5:     It affects your strength (+5).
   Int+4:     It affects your intelligence (+4).
   Stlth+:    It makes you more stealthy.
Armour
 o - a +0 pair of boots (worn)
Magical Staves
 s - a staff of air
Jewellery
 c - a +6 ring of strength (left hand)
 m - a ring of positive energy
 r - a +6 ring of intelligence (right hand)
 C - a ring of fire
Talismans
 d - a dragon-blood talisman
Wands
 y - a wand of digging (8)
 B - a wand of mindburst (4)
Scrolls
 e - 2 scrolls of noise
 l - 2 scrolls of torment
 n - a scroll of revelation {unknown}
 p - a scroll of poison {unknown}
 q - a scroll of enchant armour {unknown}
 u - a scroll of amnesia
 v - a scroll of vulnerability {unknown}
 w - a scroll of fog {unknown}
 x - a scroll of immolation {unknown}
 A - a scroll of enchant weapon
Potions
 a - a potion of magic
 f - a potion of degeneration
 g - 2 potions of lignification {unknown}
 h - 5 potions of curing {unknown}
 i - 3 potions of ambrosia {unknown}
 j - 2 potions of berserk rage {unknown}
 k - 2 potions of heal wounds {unknown}
 t - a potion of enlightenment {unknown}
 z - 2 potions of resistance {unknown}


   Skills:
 + Level 5.6 Fighting
 + Level 4.6 Short Blades
 + Level 5.1 Dodging
 - Level 1.8 Stealth
 + Level 5.2 Spellcasting
 + Level 6.6 Conjurations
 + Level 1.4 Translocations


You had 9 spell levels left.
You knew the following spells:

 Your Spells              Type           Power      Damage    Failure   Level
a - Magic Dart            Conj           100%       1d8       1%          1
b - Searing Ray           Conj           100%       2d8       1%          2
c - Blink                 Tloc           34%        N/A       4%          2
d - Manifold Assault      Tloc           17%        N/A       28%         4

Your spell library contained the following spells:

 Spells                   Type           Power      Damage    Failure   Level
 Dazzling Flash           Conj/Hex       58%        N/A       3%          3
 Iskenderun's Mystic Bla  Conj/Tloc      34%        2d8       10%         4
 Fulminant Prism          Conj/Hex       14%        3d8       13%         4


Dungeon Overview and Level Annotations

Branches:
Dungeon (6/15)             Temple (1/1) D:6         Ossuary (visited)

Altars:
Ashenzari
Cheibriados
Dithmenos
Elyvilon
Gozag
Makhleb
Nemelex Xobeh
Okawaru
Qazlal
Ru
Sif Muna
Uskayaw
Vehumet
Wu Jian
Xom
Yredelemnul
Zin
The Shining One

Shops:
D:5 *=   D:6 [


Innate Abilities, Weirdness & Mutations

You can breathe blasts of fire.
Your fiery red scales are hard. (AC +7)
You cannot fit into any form of body armour.
Your flesh is heat resistant. (rF+)
You are cold-blooded and may be slowed by cold attacks.


Message History

The searing ray hits the blizzard demon.
The blizzard demon is lightly wounded.
The blizzard demon waves its arms in wide circles.
The air twists around and strikes you!
The searing ray hits the blizzard demon but does no damage.
The blizzard demon is lightly wounded.
The searing ray hits Prince Ribbit!
You kill Prince Ribbit!
Vehumet accepts your kill. The blizzard demon gestures at you.
The bolt of cold misses you.
You have reached level 9!
Your experience leads to an increase in your attributes!
Your base attributes are Str 10, Int 20, Dex 10.
Increase (S)trength, (I)ntelligence, or (D)exterity?
You feel clever. x2; Your scales feel tougher.
Casting: Searing Ray (safe; 1% risk of failure)
Confirm with . or Enter, or press ? or * to list all spells.
Restarting spell: Searing Ray (safe; 1% risk of failure)
Press: ? - help, Shift-Dir - straight line The searing ray hits the blizzard demon!
The blizzard demon is moderately wounded. (Press . to maintain the ray.)
The blizzard demon waves its arms in wide circles.
The air twists around and strikes you!
The searing ray hits the blizzard demon!
The blizzard demon is heavily wounded.
The blizzard demon hits you. The blizzard demon hits you!
* * * LOW HITPOINT WARNING * * *
Aiming: Breathe Fire (4% risk of failure)
Press: ? - help, Shift-Dir - straight line You breathe a blast of fire.
The fiery breath hits the blizzard demon.
The blizzard demon is burned terribly!
The blizzard demon is heavily wounded.
The blizzard demon gestures at you. The freezing blast misses you.
Unknown command.
You are engulfed in freezing vapours.
You die...

... ..# #### ####
..# ##.#...##..# ..#
............# ..+
.....)§......# ..#
.......^.....○#
..#............2☼☼#
...# #○☼# .#....#
.#######@☼##
.#.............'.☼☼#
##.#...........#...#
...#...........#...#
.###.#.........#.>.#
.....#.####...##..##
...###...###+###..##
...............#...#
.....#.......<.....#


You could see a blizzard demon.

Vanquished Creatures
  Grinder (D:3)
  Prince Ribbit (D:6)
  2 ice beasts
  The ghost of Opifex the Sneak, an amateur MiDe (D:4)
  4 ogres (D:4)
  A centaur (D:5)
  A kobold brigand (D:6)
  2 elf zombies (Ossuary)
  A gnoll sergeant (D:4)
  A scorpion (D:5)
  2 orc priests (D:5)
  A hound (D:5)
  A gnoll bouda (D:6)
  3 jellies
  2 iguanas (D:5)
  2 orc wizards (D:5)
  3 mummies (Ossuary)
  9 gnolls
  10 adders
  A shadow imp (D:6)
  A white imp (D:6)
  5 adder zombies (Ossuary)
  2 worms (D:3)
  4 dart slugs
  18 orcs
  8 ball pythons
  7 endoplasms
  4 giant cockroaches
  7 goblins
  5 hobgoblins
  3 jackals (D:3)
  13 kobolds
  5 quokkas
  6 bats
  3 frilled lizards
  2 goblin zombies (Ossuary)
  3 hobgoblin zombies (Ossuary)
  3 kobold zombies (Ossuary)
  6 rats
  3 rat zombies (Ossuary)
157 creatures vanquished.

Notes
Turn   | Place    | Note
-------+----------+-------------------------------------------
     0 | D:1      | leobarbo the Draconian Conjurer began the quest for the
                  | Orb.
     0 | D:1      | Reached XP level 1. HP: 14/14 MP: 3/3
   263 | D:1      | Reached XP level 2. HP: 18/22 MP: 1/5
   399 | D:1      | Reached skill level 1 in Fighting
   498 | D:1      | Learned a level 2 spell: Searing Ray
   696 | D:1      | Reached XP level 3. HP: 28/28 MP: 4/6
  1286 | D:2      | Reached XP level 4. HP: 36/36 MP: 3/8
  1355 | D:2      | Identified the +7 dagger of the Powerful God {protect,
                  | Str+5 Int+4 Stlth+}
  2368 | D:3      | Noticed Grinder
  2369 | D:3      | Paralysed by Grinder for 4 turns
  2385 | D:3      | Killed Grinder
  2386 | D:3      | Reached skill level 1 in Short Blades
  2386 | D:3      | Reached skill level 5 in Conjurations
  2386 | D:3      | Reached XP level 5. HP: 25/45 MP: 0/10
  2386 | D:3      | Reached XP level 6. HP: 28/51 MP: 0/11
  3436 | D:4      | Found a transporter.
  3437 | D:4      | Found a transporter.
  3439 | D:4      | Noticed Opifex's ghost (amateur MiDe)
  3474 | D:4      | Your scales start taking on a fiery red colour.
  3474 | D:4      | Reached XP level 7. HP: 56/57 MP: 2/12
  3474 | D:4      | Gained mutation: Your flesh is heat resistant. (rF+) [Red
                  | Draconian growth]
  3489 | D:4      | Killed Opifex's ghost
  4193 | D:5      | Entered Level 5 of the Dungeon
  4296 | D:5      | Found a sand-covered staircase.
  4307 | Ossuary  | Entered an ossuary
  4324 | Ossuary  | Reached XP level 8. HP: 50/67 MP: 5/14
  4856 | D:5      | Reached skill level 6 in Conjurations
  4880 | D:5      | Found Naefole's One-of-a-Kind Rings.
  4973 | D:5      | Found Niqiol's Lightly-Used Armoury.
  4976 | D:5      | Found a burning altar of Makhleb.
  4984 | D:5      | Became a worshipper of Makhleb the Destroyer
  5372 | D:5      | Reached skill level 5 in Fighting
  6038 | D:6      | Found Bikiygg's Armour Shoppe.
  6204 | D:6      | Found a staircase to the Ecumenical Temple.
  6242 | D:6      | Learned a level 2 spell: Blink
  6247 | D:6      | Learned a level 4 spell: Manifold Assault
  6249 | Temple   | Found a transporter.
  6249 | Temple   | Found a transporter.
  6249 | Temple   | Found a transporter.
  6249 | Temple   | Found a transporter.
  6249 | Temple   | Entered the Ecumenical Temple
  6358 | Temple   | Fell from the grace of Makhleb
  6358 | Temple   | Became a worshipper of Vehumet
  6422 | D:6      | Reached skill level 5 in Dodging
  6422 | D:6      | Reached skill level 5 in Spellcasting
  6562 | D:6      | Reached skill level 1 in Translocations
  6720 | D:6      | Noticed Prince Ribbit
  6725 | D:6      | Noticed a blizzard demon
  6727 | D:6      | Killed Prince Ribbit
  6728 | D:6      | Reached XP level 9. HP: 42/75 MP: 7/16
  6731 | D:6      | Engulfed by a blizzard demon's freezing vapour

Illustrated notes

Levels and vault maps discovered:
D:1:      dpeg_arrival_simpleton_b, layout_loops_cross, kennysheep_doodads,
          minmay_tiny_reverse_x
D:2:      layout_rooms
D:3:      layout_basic, hangedman_decor_growths, dk_noncrumbling_4,
          minivault_24, fountainhead, serial_bayou_lagoon_a, uniq_grinder
D:4:      layout_rooms, gammafunk_ghost_smash, nicolae_grassy_gnolls
D:5:      layout_loops_ring, bloody_makhleb, nicolae_ossuary_entry_plus,
          minmay_shop_damaged, nicolae_shop_unique_rings, item_on_display_a
D:6:      layout_gridville, minmay_temple_entry_arrows, serial_shops, shop,
          hangedman_abyss_or_decor_stabs, grunt_potential, uniq_prince_ribbit1
Temple:   hellmonk_temple_divided_pantheon

Skill      XL: |  1  2  3  4  5  6  7  8 |
---------------+-------------------------+-----
Dodging        | 2 3 4 5 |  5.1
Fighting       | 1 3 4 5 |  5.6
Short Blades   | 1 2 3 4 |  4.6
Spellcasting   | 3 4 5 |  5.2
Conjurations   | 5 6 |  6.6
Translocations | 1 |  1.4
Stealth        | |  1.8

Action                     |  1- 3 |  4- 6 |  7- 9 || total
---------------------------+-------+-------+-------++-------
  Melee: Unarmed           |    12 |       |       ||    12
         Club              |    24 |       |       ||    24
         Tailslap          |     5 |     1 |    13 ||    19
         Short sword       |     7 |     3 |       ||    10
         Dagger            |       |    17 |    91 ||   108
   Cast: Magic Dart        |    57 |    72 |   114 ||   243
         Searing Ray       |     1 |     7 |    29 ||    37
Ability: Breathe Fire      |       |       |     2 ||     2
  Evoke: Wand              |       |       |     1 ||     1
    Use: Scroll            |     4 |     3 |     1 ||     8
 Armour: Skin              |    37 |    17 |    81 ||   135
  Dodge: Dodged            |    46 |    16 |    67 ||   129

Table legend: (Time is in decaauts)
 A = Elapsed time spent in this place.
 B = Non-inter-level travel time spent in this place.
 C = Inter-level travel time spent in this place.
 D = Time resting spent in this place.
 E = Time spent auto-exploring this place.
 F = Levels seen in this place.
 G = Mean time per level.
                   A        B        C        D        E       F      G
               +--------+--------+--------+--------+--------+-----+--------+
         Total |   6733 |   5767 |    966 |   1581 |   3140 |   8 |  841.6 |
       Dungeon |   6117 |   5267 |    850 |   1269 |   3140 |   6 | 1019.5 |
        Temple |    123 |      7 |    116 |      0 |      0 |   1 |  123.0 |
       Ossuary |    492 |    492 |      0 |    312 |      0 |   1 |  492.0 |
               +--------+--------+--------+--------+--------+-----+--------+

Top non-repeatable levels by time:
     D:3: 1479 daAuts
     D:5: 1312 daAuts
     D:1: 998 daAuts
     D:4: 882 daAuts
     D:2: 847 daAuts
     D:6: 597 daAuts
 Ossuary: 492 daAuts
  Temple: 123 daAuts
